 Dungeon Crawl Stone Soup version 0.23-a0-97-g66d73a1 (webtiles) character file.

238 galech the Chopper (level 5, -2/63 HPs)
             Began as a Demonspawn Berserker on Aug 17, 2018.
             Was a Believer of Trog.
             Slain by an iguana (15 damage)
             ... on level 4 of the Dungeon.
             The game lasted 00:03:53 (3248 turns).

galech the Chopper (Demonspawn Berserker)           Turns: 3248, Time: 00:03:54

Health: -2/63      AC:  2    Str: 23    XL:     5   Next: 78%
Magic:  5/5        EV: 13    Int:  8    God:    Trog [**....]
Gold:   247        SH:  0    Dex: 13    Spells: 4/4 levels left

rFire    + + .     SeeInvis .   a - +0 hand axe
rCold    . . .     Gourm    .   (no shield)
rNeg     . . .     Faith    .   b - +0 animal skin
rPois    .         Spirit   .   (no helmet)
rElec    .         Reflect  .   (no cloak)
rCorr    .         Harm     .   (no gloves)
MR       .....                  (no boots)
Stlth    ..........             (no amulet)
HPRegen  0.20/turn              h - ring of protection from fire
MPRegen  0.09/turn              (no ring)

@: berserking, very quick
A: fire resistance 1
a: Berserk, Trog's Hand, Renounce Religion


You were on level 4 of the Dungeon.
You worshipped Trog.
Trog was pleased with you.
You were near starving.

You visited 1 branch of the dungeon, and saw 4 of its levels.

You collected 247 gold pieces.

Inventory:

Hand Weapons
 a - a +0 hand axe (weapon)
Armour
 b - a +0 animal skin (worn)
Jewellery
 h - a ring of protection from fire (left hand)
Scrolls
 d - a scroll of enchant weapon {unknown}
 e - 6 scrolls of remove curse {unknown}
 f - 2 scrolls of magic mapping {unknown}
 g - 2 scrolls of fog {unknown}
 j - 3 scrolls of enchant armour {unknown}
 k - 2 scrolls of amnesia {unknown}
 l - a scroll of blinking {unknown}
 o - 2 scrolls of fear {unknown}
 p - a scroll of identify {unknown}
Potions
 i - 2 potions of flight {unknown}
 m - a potion of cancellation {unknown}
 q - a potion of mutation {unknown}
 r - a potion of heal wounds {unknown}
Comestibles
 c - 6 rations


   Skills:
 + Level 4.0 Fighting
 + Level 4.7 Axes
 + Level 2.0 Armour
 + Level 2.7 Dodging
 + Level 1.1 Stealth


You had 4 spell levels left.
You didn't know any spells.
Your spell library was empty.

Dungeon Overview and Level Annotations

Branches:
Dungeon (4/15)
 Temple: D:4-7

Altars:


Innate Abilities, Weirdness & Mutations

Your flesh is heat resistant. (rF+)


Message History

The iguana bites you! x2
* * * LOW HITPOINT WARNING * * *
You are too injured to fight recklessly!
You are too injured to fight recklessly!
You are too injured to fight recklessly!
You are too injured to fight recklessly!
A red film seems to cover your vision as you go berserk!
You feel yourself moving faster!
You feel mighty!
You are near starving!
The iguana misses you.
You hit the iguana.
The iguana is moderately wounded.
You barely miss the iguana.
The iguana is moderately wounded.
The iguana bites you.
* * * LOW HITPOINT WARNING * * *
You hit the iguana.
The iguana is heavily wounded.
The iguana bites you!
You die...

#.#.##.##
##...(...##.##..#.#
#. #......#
##.....###.##.##.###.
###.#### ##...##
#........... #.#
##+## ####.#######
#.# #.# #.# #.#
########.# #.# ##.##
#........## #.#
##...## #.#####...##
#.#
#.....###.####..@..#
#.#
................l.##
#.#
#.....###.#####.....
..# ##...## #)..
....### ##.##
########.## ### #.#
#.# #.#


You could see an iguana.

Vanquished Creatures
  A worker ant (D:4)
  Natasha (thrice) (D:2)
  4 adders
  3 oozes
  An adder skeleton (D:4)
  2 worms (D:2)
  2 dart slugs (D:1)
  2 leopard geckos (D:3)
  4 orcs (D:3)
  A ball python (D:3)
  6 giant cockroaches
  10 goblins
  6 hobgoblins
  3 jackals (D:1)
  11 kobolds
  A quokka (D:2)
  6 bats
  A frilled lizard (D:3)
  11 rats
78 creatures vanquished.

Notes
Turn   | Place    | Note
-------+----------+-------------------------------------------
     0 | D:1      | galech the Demonspawn Berserker began the quest for the Orb.
     0 | D:1      | Reached XP level 1. HP: 18/18 MP: 1/1
    96 | D:1      | Gained mutation: Your flesh is heat resistant. (rF+) [demonic ancestry]
    96 | D:1      | Reached XP level 2. HP: 22/24 MP: 2/2
   361 | D:1      | Reached XP level 3. HP: 24/29 MP: 3/3
   372 | D:1      | Reached ** piety under Trog
  1226 | D:2      | Noticed Natasha
  1233 | D:2      | Killed Natasha
  1233 | D:2      | Reached XP level 4. HP: 17/36 MP: 4/4
  1397 | D:2      | Noticed Natasha
  1404 | D:2      | Killed Natasha
  1509 | D:2      | Noticed Natasha
  1521 | D:2      | Killed Natasha
  1521 | D:2      | Reached XP level 5. HP: 28/42 MP: 5/5
  2920 | D:4      | Reached skill level 1 in Stealth
  3248 | D:4      | Slain by an iguana

Vault maps used:
D:1:      ebering_hopf_link, serial_glass, glass_columns_a, glass_columns_a,
          hangedman_decor_points, minivault_4, palyth_stone_intersect,
          minmay_small_reverse_x
D:2:      first_ration, uniq_natasha
D:3:      minmay_diamond_boxcup, minmay_door_square
D:4:      minmay_temple_entry_water_ring, uniq_eustachio

Skill      XL: |  1  2  3  4  5 |
---------------+----------------+-----
Axes           | 3 4 |  4.7
Armour         | 2 |  2.0
Dodging        | 2 |  2.7
Fighting       | 4 |  4.0
Stealth        | 1 |  1.1

Action                   |  1- 3 |  4- 6 || total
-------------------------+-------+-------++-------
Melee: Hand axe          |   121 |   137 ||   258
Invok: Berserk           |     2 |     5 ||     7
       Trog's Hand       |       |     1 ||     1
 Stab: Sleeping          |       |     6 ||     6
  Eat: Ration            |     1 |       ||     1
       Chunk             |       |    10 ||    10
Armor: Animal skin       |    21 |    18 ||    39
Dodge: Dodged            |    86 |    90 ||   176

Table legend:
 A = Non-vault XP
 B = Vault XP
 C = Vault XP percentage of total XP
 D = Non-vault monster count
 E = Vault monster count
 F = Vault count percentage of total count
                 A         B        C        D         E       F
            +---------+---------+-------+---------+---------+-------
      Total |     270 |      70 |  20.6 |      67 |      11 |  14.1
            +---------+---------+-------+---------+---------+-------
        D:1 |      55 |       6 |   9.8 |      29 |       4 |  12.1
        D:2 |     126 |      33 |  20.8 |      18 |       1 |   5.3
        D:3 |      50 |      31 |  38.3 |      18 |       6 |  25.0
        D:4 |      39 |       0 |   0.0 |       2 |       0 |   0.0
            +---------+---------+-------+---------+---------+-------
